cohdb
Replays
Latest Replays
All Replays
Popular Replays
Top Player Replays
Match Explorer
How It Works
Community
CoH3 Stats
Reddit
Sign in to upload your games and track your stats! →
Sign in with Steam
Match 40322496
Unlisted
Match 40322496
Overview
Messages
Build Orders
End
Kradschützen Motorcycle Team
Selects Panzerjäger Kommand Battlegroup
Selects Mine Fields
Panzergrenadier Squad
Panzergrenadier Squad
Construct Light Support Kompanie
Panzergrenadier Squad
Fire Support Elements
le.IG 18 Support Gun Team
Flakvierling Half-track
Selects Defensive Positions
Advanced Field Repairs
MG34 Team
Selects Butterfly Bomb Drop
Construct Panzerarmee Kommand
Selects Tank Busters
Veteran Squad Leaders
Selects Crew Shock Tactics
Panzer III L Medium Tank
Tungsten Core Ammunition
2.5-tonne Medical Truck
Panzerpioneer Squad
Armored Reserves
Vehicle Survival Package
Selects Anti-tank Overwatch
Emergency Repair Kits
Tiger Heavy Tank
Panzergrenadier Squad
Panzer IV Assault Group
Alpine Meadow
Bald
Big Ham (DFC)
Tanith's Finest
0
0
Comments
sign in to comment!
No comments posted yet!